AoeStats
← LemurChef278

Arabia

510820974Analyzed
2v2 RM · 5h ago on Oct 2, 2026· 16m 48s· 4 players
Game mode
Random Map
Map size
Medium (4 player)
Population
200
Speed
Normal
Resources
Standard
Victory
Conquest
Starting age
Dark Age
Ending age
Imperial Age
RankedLock teamsTeams togetherTeam positionsShared explorationLock speedFull tech treeHidden civsTurbo modeCheats
Victory
Defeat
🇩🇪 Magyars · Germany
935
+16
🇩🇪 Danes · Germany
929
+16
🇩🇪 Wu · Germany
940
-16
🇩🇪 Magyars · Germany
939
-16
MarcusMaximus
7:11 Loom
9:54 Feudal Age
10:53 Man-at-Arms
12:17 Arson
16:14 Forging
marco.ulrich
10:19 Feudal Age
13:02 Scale Barding Armor
15:26 Loom
Soulman
9:37 Loom
11:29 Feudal Age
12:58 Loom
16:04 Castle Age
LemurChef278
10:39 Feudal Age
12:52 Loom
15:21 Double-Bit Axe
17:49 Castle Age
Connection lost

Rejoining the realm…

Still unreachable

The connection could not be restored.

Session expired

The server has moved on; the page needs a fresh start.